[Event "Early-Titled-Tuesday-Blitz-February-13-2024"]
[Site "Chess.com"]
[Date "2024.02.13"]
[Round "2"]
[White "FontVella8"]
[Black "ClaudiaSof"]
[Result "1-0"]
[WhiteElo "2733"]
[BlackElo "2307"]
[TimeControl "180+1"]
[EndTime "8:19:54 PST"]
[Termination "FontVella8 won on time"]

1. Nf3 c5 2. e4 Nc6 3. d4 cxd4 4. Nxd4 g6 5. c4 Bg7 6. Be3 d6 7. Nc3 Nf6 8. Be2 O-O 9. O-O Bd7 10. Rc1 Rc8 11. f3 Nxd4 12. Bxd4 Be6 13. b3 a6 14.
Qd2 Nd7 15. Be3 Qc7 16. f4 f6 17. Nd5 Qd8 18. Qb4 Nc5 19. Rfd1 a5 20. Qe1 f5 21.
e5 Qe8 22. Bf3 dxe5 23. fxe5 Ne4 24. Qxa5 Ra8 25. Qc7 Bxd5 26. Rxd5 Rxa2 27. Rd7 f4 28. Rxe7 Qxe7 29. Qxe7 fxe3 30. Bxe4 e2 31. Bd5+ Kh8 32. h4 Bh6 33. Re1 Be3+ 34. Kh2 Rf1 35. Bf3 Bf4+ 36. Kh3 Rh1+ 37. Rxh1 1-0

[Event "Early-Titled-Tuesday-Blitz-February-13-2024"]
[Site "Chess.com"]
[Date "2024.02.13"]
[Round "2"]
[White "kaanadayhamle"]
[Black "lucasran"]
[Result "1-0"]
[WhiteElo "2424"]
[BlackElo "2692"]
[TimeControl "180+1"]
[EndTime "8:19:55 PST"]
[Termination "kaanadayhamle won by resignation"]

1. Nf3 Nf6 2. g3 b6 3. Bg2 Bb7 4. O-O g6 5. d4 Bg7 6. Bf4 O-O 7. c4 e6 8. Nc3 Ne4 9. Nxe4 Bxe4 10. Qd2 d6 11.
Bh6 Nd7 12. Bxg7 Kxg7 13. Rac1 Qe7 14. Rfd1 Rad8 15. h4 e5 16. dxe5 dxe5 17. Qc3 Bxf3 18. Bxf3 Nf6 19. Bg2 c5 20. a3 Rd6 21. Rxd6 Qxd6 22. e3 Rd8 23. Bf3 Qd2 24. Qc2 Qxc2 25. Rxc2 e4 26. Be2 Kf8 27. Kf1 Ke7 28. Ke1 Ke6 29. Bf1 Ke5 30. Bh3 Rd6 31. Rd2 Rxd2 32. Kxd2 Ne8 33. Kc3 Nd6 34. b4 f5 35. bxc5 bxc5 36.
Kb3 h5 37. Bf1 Ke6 38. Ka4 Kd7 39. Ka5 Kc7 40. Ka6 Kb8 41. Be2 Ka8 42. Bf1 Kb8 43. Be2 Nb7 44. Kb5 Kc7 45. a4 Kd6 46.
Ka6 Kc7 47. Kxa7 Na5 48. Ka6 Nc6 49. Kb5 Kd6 50. a5 Na7+ 51. Kb6 Nc8+ 52. Kb7 Kd7 53. a6 Nd6+ 54. Kb8 Nc8 55. a7 Nb6 56. Kb7 Na8 57.
Kxa8 Kc8 58. Bd1 Kc7 59. Ba4 1-0

[Event "Early-Titled-Tuesday-Blitz-February-13-2024"]
[Site "Chess.com"]
[Date "2024.02.13"]
[Round "2"]
[White "VladimirKramnik"]
[Black "Cosi43"]
[Result "1-0"]
[WhiteElo "2930"]
[BlackElo "2629"]
[TimeControl "180+1"]
[EndTime "8:19:56 PST"]
[Termination "VladimirKramnik won by resignation"]

1. e4 d5 2. exd5 Qxd5 3. Nc3 Qa5 4. d4 Nf6 5. Nf3 c6 6. Bd2 Bf5 7. Bc4 e6 8. Nd5 Qd8 9. Nxf6+ gxf6 10. O-O Nd7 11. Re1 Be7 12. a4 Qc7 13. a5 Rg8 14. b4 a6 15. Bf1 Nf8 16. c4 Ng6 17. g3 h5 18. Bg2 h4 19. d5 hxg3 20. hxg3 Bg4 21.
Qb3 cxd5 22. cxd5 e5 23. b5 Qd6 24. Ra4 f5 25. Bb4 Qf6 26. d6 Bxd6 27. Bxd6 Qxd6 28.
bxa6 bxa6 29. Nxe5 Nxe5 30. Bxa8 Kf8 31. Qb4 Qxb4 32.
Rxb4 Nf3+ 33. Bxf3 Bxf3 34. Rb8+ Kg7 35. Rxg8+ Kxg8 36. Re5 Be4 37. Rc5 Kg7 38. Kf1 Kf6 39. Ke2 Kg5 40. Ke3 Bg2 41. f3 Kg6 42. Rc6+ 1-0

[Event "Early-Titled-Tuesday-Blitz-February-13-2024"]
[Site "Chess.com"]
[Date "2024.02.13"]
[Round "2"]
[White "bubeliang"]
[Black "albi1999"]
[Result "1/2-1/2"]
[WhiteElo "2842"]
[BlackElo "2597"]
[TimeControl "180+1"]
[EndTime "8:19:56 PST"]
[Termination "Game drawn by agreement"]

1. e4 c5 2. c3 e6 3. d4 d5 4.
exd5 Qxd5 5. Nf3 Nf6 6. Na3 a6 7. Be2 Be7 8. Nc4 Nbd7 9. Ne3 Qd6 10. O-O O-O 11. Nc4 Qc7 12. a4 b6 13. Nfe5 cxd4 14. cxd4 Nd5 15. Bf3 Bb7 16. Nxd7 Qxd7 17. Bxd5 Qxd5 18. Ne3 Qe4 19. Qg4 Rac8 20. Qxe4 Bxe4 21.
Bd2 Rfd8 22. Bc3 Bf6 23. Rfd1 Rd7 24. Rd2 Rcd8 25. Rad1 Bc6 26. b3 Bd5 27. Rb1 Rc8 28. Ba1 Be4 29. Rbd1 b5 30. f3 Bb7 31. axb5 axb5 32. d5 Bg5 33. Kf2 Bxd5 34. Be5 f6 35. Bg3 Bxe3+ 36. Kxe3 Kf7 37. b4 Rc4 38. Rd4 Rc2 39.
R1d2 Rxd2 40. Kxd2 e5 41. Rd3 Ke6 42. Bf2 Rc7 43. Bc5 Rc8 44. Ra3 Ra8 45. Rxa8 Bxa8 46. Ke3 g5 47. g3 h5 48. h4 gxh4 49. gxh4 Kd5 50. f4 f5 51. fxe5 Kxe5 52. Bd4+ Ke6 53. Kf4 Be4 54. Bc5 Bd3 55. Bb6 Kd5 1/2-1/2

[Event "Early-Titled-Tuesday-Blitz-February-13-2024"]
[Site "Chess.com"]
[Date "2024.02.13"]
[Round "2"]
[White "LiamPutnam2008"]
[Black "guillembaches"]
[Result "1-0"]
[WhiteElo "2825"]
[BlackElo "2578"]
[TimeControl "180+1"]
[EndTime "8:19:56 PST"]
[Termination "LiamPutnam2008 won on time"]

1. e4 c5 2. Nf3 d6 3. d4 cxd4 4. Nxd4 Nf6 5. Nc3 Nc6 6. Bg5 e6 7. Qd2 h6 8. Bxf6 gxf6 9. O-O-O a6 10. f4 Bd7 11. f5 Qb6 12. Nb3 O-O-O 13. Kb1 Kb8 14.
g3 h5 15. Bh3 h4 16. fxe6 fxe6 17. Qf4 hxg3 18. hxg3 Be7 19. a3 Ne5 20. Bg2 Rhe8 21.
Rh7 Rc8 22. Bf1 a5 23. a4 Rxc3 24. bxc3 Bxa4 25. Ka2 Bb5 26. Rb1 Bxf1 27. Qxf1 Qc6 28.
Nd2 Qxc3 29. Qb5 Qxc2+ 30. Rb2 Qc6 31. Qxa5 Bd8 32. Qb5 Re7 33. Rh8 Kc7 34. Qa5+ b6 35. Qa7+ Qb7 36. Qxb7+ Kxb7 37. Rxd8 Nd3 38. Rb1 Nc5 39.
Rxd6 Rg7 40. Rbxb6+ 1-0

[Event "Early-Titled-Tuesday-Blitz-February-13-2024"]
[Site "Chess.com"]
[Date "2024.02.13"]
[Round "2"]
[White "Actuary44"]
[Black "Suleyman_Chess06"]
[Result "0-1"]
[WhiteElo "2482"]
[BlackElo "2763"]
[TimeControl "180+1"]
[EndTime "8:19:56 PST"]
[Termination "Suleyman_Chess06 won by checkmate"]

1. e4 e6 2. d4 d5 3. Nc3 Nf6 4.
e5 Nfd7 5. f4 c5 6. dxc5 Nc6 7.
Nf3 Bxc5 8. Bd3 Qb6 9. Qe2 Nd4 10. Nxd4 Bxd4 11. Bd2 a6 12. O-O-O Nc5 13. f5 Bd7 14. fxe6 Bxe6 15. Rhf1 O-O 16. Rf4 Nxd3+ 17. cxd3 Bxc3 18. Bxc3 Rac8 19. Kd2 Rxc3 20. bxc3 Qb2+ 21. Ke1 Qxc3+ 22. Kf1 Rc8 23. d4 b5 24. h3 Qa5 25. Rf2 b4 26.
Qb2 Qb5+ 27. Kg1 a5 28. Rc1 Rc4 29. a3 h6 30. axb4 axb4 31. Ra1 Rc8 32. Rc2 Rc4 33.
Ra8+ Kh7 34. Rf2 Qb7 35. Rf8 b3 36. Rf3 Qb4 37. Qb1+ Rc2 38. Rxb3 Qxd4+ 39. Kh1 Qe4 40. Rg3 Bxh3 41. Qb8 Bxg2+ 42. Kh2 Qh4+ 43. Kg1 Qh1# 0-1

[Event "Early-Titled-Tuesday-Blitz-February-13-2024"]
[Site "Chess.com"]
[Date "2024.02.13"]
[Round "2"]
[White "platy3"]
[Black "aghasiyevkamal"]
[Result "1-0"]
[WhiteElo "2936"]
[BlackElo "2630"]
[TimeControl "180+1"]
[EndTime "8:19:57 PST"]
[Termination "platy3 won by resignation"]

1. e4 e5 2. Nf3 Nc6 3. Bc4 Bc5 4. d3 Nf6 5. a4 d6 6. O-O h6 7. Be3 a6 8. Nbd2 O-O 9. h3 Re8 10.
c3 Ba7 11. b4 Be6 12. Bxe6 Rxe6 13. Bxa7 Rxa7 14. Re1 Ne7 15. Qc2 Ng6 16. d4 Nh5 17.
d5 Re8 18. a5 Nhf4 19. c4 Qf6 20. c5 Nh4 21. Nxh4 Qxh4 22. Nf3 Qf6 23. Ra3 Qg6 24. Nh4 Qg5 25. g3 Nxh3+ 26. Kh2 Nf4 27. Rc3 Qh5 28. Qd1 Qg5 29. Nf5 Ng6 30. cxd6 cxd6 31. Nxd6 Rd8 32.
Nf5 Raa8 33. Qc1 Qf6 34. Rc7 Rab8 35. Qe3 Nf8 36. Rec1 Ng6 37. d6 Nf8 38. Qb6 Ne6 39.
Rxb7 Rxb7 40. Qxb7 g6 41. Qe7 Qxe7 42. Nxe7+ Kf8 43.
Rc6 Nd4 44. Rxa6 Nb5 45. Rb6 Nxd6 46. Nc6 Re8 47. a6 Nc4 48. Rb7 Ra8 49. a7 Kg7 50.
Rb8 1-0

[Event "Early-Titled-Tuesday-Blitz-February-13-2024"]
[Site "Chess.com"]
[Date "2024.02.13"]
[Round "2"]
[White "Machteldvf"]
[Black "ValentinDragnev"]
[Result "0-1"]
[WhiteElo "2453"]
[BlackElo "2752"]
[TimeControl "180+1"]
[EndTime "8:19:57 PST"]
[Termination "ValentinDragnev won by resignation"]

1. e4 c5 2. Nf3 d6 3. d4 cxd4 4. Nxd4 Nf6 5. Nc3 a6 6. g3 e5 7. Nb3 h5 8. h4 Bg4 9. Qd3 Nbd7 10. Bg5 Be7 11. Bg2 Qc7 12. a4 Rc8 13. O-O Be6 14.
Rac1 Bc4 15. Qd2 Bxf1 16. Rxf1 O-O 17. Bh3 Rcd8 18. f4 Nb6 19. Qe2 exf4 20. gxf4 d5 21. e5 Ne4 22. Nxe4 dxe4 23. Qxh5 Nd5 24. Kh1 Bxg5 25. hxg5 Nxf4 26. Rxf4 Qxc2 27. Rf1 g6 28. Qh6 Qxb3 29. e6 Rd1 30. exf7+ Rxf7 31. Qxg6+ Kf8 32. Qh6+ Kg8 33. Qg6+ Kf8 34. Qh6+ Ke8 35. Qe6+ Qxe6 0-1

[Event "Early-Titled-Tuesday-Blitz-February-13-2024"]
[Site "Chess.com"]
[Date "2024.02.13"]
[Round "2"]
[White "themind1hunter"]
[Black "FMCarmona"]
[Result "1-0"]
[WhiteElo "2510"]
[BlackElo "2249"]
[TimeControl "180+1"]
[EndTime "8:19:58 PST"]
[Termination "themind1hunter won by resignation"]

1. Nf3 d5 2. d4 Nf6 3. g3 e6 4. Bg2 Be7 5. O-O O-O 6. c4 c6 7. b3 b6 8. Bb2 Bb7 9. Nc3 Nbd7 10. Qc2 Rc8 11. e4 dxe4 12. Nxe4 Nxe4 13. Qxe4 Nf6 14. Qe2 Qc7 15. Ne5 Rcd8 16. Rfd1 c5 17. Bxb7 Qxb7 18. Qf3 Qxf3 19. Nxf3 cxd4 20. Bxd4 Ne4 21.
Kf1 Bc5 22. Ke2 f6 23. Bxc5 Nxc5 24. Nd4 e5 25. Nc6 Rxd1 26. Rxd1 a5 27. Ke3 Kf7 28. Rd6 Rc8 29. Na7 Rc7 30. Nb5 Rb7 31. g4 Ke7 32.
f3 a4 33. b4 Na6 34. a3 Nb8 35. Ke4 Nd7 36. Kd5 Rb8 37. Na7 Rb7 38. Nc6+ Ke8 39.
Re6+ Kf8 40. Kd6 Nb8 41. Nxb8 Rxb8 42. Kc7 Kf7 43. Rxb6 Rxb6 44. Kxb6 g6 45. c5 f5 46. c6 Ke7 47. c7 1-0

[Event "Early-Titled-Tuesday-Blitz-February-13-2024"]
[Site "Chess.com"]
[Date "2024.02.13"]
[Round "2"]
[White "Njal28"]
[Black "pifion"]
[Result "0-1"]
[WhiteElo "2980"]
[BlackElo "2673"]
[TimeControl "180+1"]
[EndTime "8:19:59 PST"]
[Termination "pifion won on time"]

1. d4 Nf6 2. c4 e6 3. Nc3 Bb4 4. e3 O-O 5. a3 Bxc3+ 6. bxc3 Nc6 7. Ne2 b6 8. Ng3 Ba6 9. e4 Ne8 10. Bd3 Na5 11. Qe2 c5 12. d5 f6 13. O-O Nd6 14. Nh5 Bxc4 15. Bf4 e5 16. Be3 Bxd3 17. Qxd3 c4 18.
Qc2 Nb3 19. Rae1 Qe8 20. Ng3 g5 21. Qd1 Qg6 22. Qg4 Rf7 23. h4 h6 24. f3 Raf8 25. Kf2 f5 26. exf5 Nxf5 27. hxg5 Nxe3 28. Rxe3 d6 29.
Ne4 Rf5 30. Rh1 hxg5 31. Rh5 Nc5 32. Nxg5 Nd3+ 33. Kg1 Nf4 34. Qh4 Nxh5 35. Ne4 Nf4 36. g4 R5f7 37. Kf2 Rh7 38. Qg3 Rh3 39. Qg1 Nd3+ 40. Ke2 Nf4+ 41. Kd2 Rf7 42. Kc1 Rfh7 43. Re1 Rh2 44. Qe3 Nd3+ 45. Kb1 Nxe1 46. g5 Rh1 47. a4 R7h2 0-1

[Event "Early-Titled-Tuesday-Blitz-February-13-2024"]
[Site "Chess.com"]
[Date "2024.02.13"]
[Round "2"]
[White "DarkAlekhine"]
[Black "atalz0"]
[Result "1-0"]
[WhiteElo "2813"]
[BlackElo "2466"]
[TimeControl "180+1"]
[EndTime "8:19:59 PST"]
[Termination "DarkAlekhine won on time"]

1. e4 d5 2. exd5 Nf6 3. d4 Nxd5 4. Nf3 Bg4 5. Be2 Nc6 6. O-O e6 7. c4 Nb6 8. b3 Bxf3 9. Bxf3 Nxd4 10. Bxb7 Rb8 11.
Be4 c5 12. Nc3 Be7 13. Nb5 Bf6 14. Bf4 e5 15. Be3 O-O 16. Nxa7 Qc7 17. Nb5 Qe7 18.
a4 Rbd8 19. a5 Nxb5 20. Qc2 Nd4 21. Bxd4 exd4 22. axb6 d3 23. Bxd3 Bxa1 24. Rxa1 Qb7 25.
Bxh7+ Kh8 26. Be4 Qxb6 27. g3 g6 28. Bd5 Qf6 29. Ra7 Kg7 30. Qd2 Rde8 31. Kg2 Re5 32. h4 Re7 33. Ra5 Rc8 34. Qd3 Rd7 35. Qf3 Rd6 36.
Qg4 Rc7 37. Ra8 Rb6 38. Qe4 Rxb3 39. Qe8 Kh6 40. g4 1-0

[Event "Early-Titled-Tuesday-Blitz-February-13-2024"]
[Site "Chess.com"]
[Date "2024.02.13"]
[Round "2"]
[White "only_strong_moves"]
[Black "shimastream"]
[Result "1-0"]
[WhiteElo "2682"]
[BlackElo "2996"]
[TimeControl "180+1"]
[EndTime "8:20:00 PST"]
[Termination "only_strong_moves won on time"]

1. e4 c5 2. Nf3 e6 3. d4 cxd4 4. Nxd4 Bc5 5. Be3 Nf6 6. Nd2 Bxd4 7. Bxd4 Nc6 8. Bc3 O-O 9. Bd3 e5 10. O-O d5 11. exd5 Nxd5 12. Ne4 Bf5 13. Qf3 Bg6 14.
Rad1 Qc7 15. Ng3 Nxc3 16. bxc3 Rad8 17. Rfe1 Rfe8 18. h4 Bxd3 19. Rxd3 Qe7 20. h5 g6 21. hxg6 hxg6 22. Qg4 Qe6 23. Qg5 Rxd3 24. cxd3 Qe7 25. Qg4 Rd8 26. d4 Qf6 27. Ne4 Qf5 28. Qxf5 gxf5 29.
Nf6+ Kg7 30. dxe5 Rd2 31. a4 b6 32. Ne8+ Kg6 33. Nd6 Ne7 34. Ra1 Rc2 35. Nb5 Nd5 36. a5 a6 37. Nd4 Rxc3 38. axb6 Rc4 39. Rxa6 Kg5 40. Nf3+ Kf4 41. b7 Rc1+ 42. Kh2 Rb1 43.
Ra4+ 1-0

[Event "Early-Titled-Tuesday-Blitz-February-13-2024"]
[Site "Chess.com"]
[Date "2024.02.13"]
[Round "2"]
[White "jcibarra"]
[Black "IwkooO"]
[Result "1-0"]
[WhiteElo "2973"]
[BlackElo "2647"]
[TimeControl "180+1"]
[EndTime "8:20:00 PST"]
[Termination "jcibarra won by resignation"]

1. e4 c5 2. Nf3 e6 3. d3 d5 4. Qe2 Nc6 5. g3 g6 6. Bg2 Bg7 7. O-O Nge7 8. e5 O-O 9. h4 Nf5 10. c3 f6 11. exf6 Qxf6 12. Bg5 Qf7 13. Bf4 e5 14. Bc1 h6 15. c4 Nfd4 16. Nxd4 Nxd4 17. Qd1 dxc4 18. dxc4 Qxc4 19. Nc3 Be6 20. Be3 Rad8 21. Qc1 Qxc3 22. bxc3 Ne2+ 23. Kh2 Nxc1 24. Rfxc1 b6 25. a4 Bd5 26. Bxd5+ Rxd5 27. c4 Rd3 28. a5 e4 29.
Rab1 Bd4 30. axb6 axb6 31. Rxb6 Bxe3 32. fxe3 Kg7 33. Ra1 g5 34. hxg5 hxg5 35. Kh3 Rxe3 36. Kg4 Rff3 37. Ra7+ Rf7 38. Ra5 Rff3 39. Kh5 Rf7 40.
g4 Rc3 41. Rxc5 e3 42. Re6 Rf4 43. Rc7+ Kf8 44. c5 Rfc4 45. Kg6 Rxc5 46. Rf7+ 1-0

[Event "Early-Titled-Tuesday-Blitz-February-13-2024"]
[Site "Chess.com"]
[Date "2024.02.13"]
[Round "2"]
[White "CaspiIsrael"]
[Black "crazy_m_attack"]
[Result "1-0"]
[WhiteElo "2773"]
[BlackElo "2450"]
[TimeControl "180+1"]
[EndTime "8:20:01 PST"]
[Termination "CaspiIsrael won by resignation"]

1. d4 d5 2. Nf3 Nf6 3. Bf4 c5 4. e3 Nc6 5. Nbd2 cxd4 6. exd4 Bf5 7. Bb5 Qb6 8. c4 dxc4 9. Qa4 a6 10. Bxc6+ Qxc6 11.
Qxc6+ bxc6 12. Nxc4 Nd5 13. Bd2 e6 14. Nfe5 c5 15.
dxc5 Bxc5 16. Rc1 O-O 17. Nd7 Rfc8 18. Ke2 Be7 19. f3 Rd8 20. Nde5 Rac8 21. g4 Bg6 22. h4 f6 23. Nxg6 hxg6 24. b3 Kf7 25. Rc2 e5 26. Rhc1 Ke6 27. Na5 Rxc2 28. Rxc2 Rd6 29.
Rc8 Rd8 30. Rc6+ Rd6 31. Rc4 f5 32. Nc6 Bf6 33. g5 Be7 34. Nxe7 Kxe7 35. b4 Ke6 36. a4 Nb6 37. Rc7 Nxa4 38. Rxg7 Kd5 39. Rc7 Nb6 40.
Be3 Rc6 41. Rxc6 Kxc6 42. Bxb6 Kxb6 43. h5 gxh5 44. g6 h4 45. g7 1-0

[Event "Early-Titled-Tuesday-Blitz-February-13-2024"]
[Site "Chess.com"]
[Date "2024.02.13"]
[Round "2"]
[White "SahibSinghKnight"]
[Black "Chessdude1987"]
[Result "0-1"]
[WhiteElo "2611"]
[BlackElo "2393"]
[TimeControl "180+1"]
[EndTime "8:20:01 PST"]
[Termination "Chessdude1987 won by checkmate"]

1. e4 e6 2. d4 d5 3. Nd2 c5 4.
exd5 Qxd5 5. Ngf3 cxd4 6. Bc4 Qd6 7. O-O Nf6 8. Nb3 Nc6 9. Nbxd4 Nxd4 10. Nxd4 Be7 11.
a4 O-O 12. c3 Qc7 13. Qe2 a6 14.
Re1 b6 15. Bd3 Bb7 16. a5 bxa5 17. Bg5 Nd5 18. Bxe7 Qxe7 19. Qg4 Qf6 20. Rxa5 Nf4 21. Bf1 h5 22. Qg3 h4 23. Qg5 Qxg5 24. Rxg5 f6 25. Rg4 e5 26. Bc4+ Bd5 27. Bxd5+ Nxd5 28. Nf5 g5 29.
Rd1 Nf4 30. Nxh4 Rad8 31. Rb1 Rd2 32. Nf3 Rc2 33. h4 Nd3 34. hxg5 Nxf2 35. Ra4 Nd3 36. gxf6 Rxf6 37. Rd1 Nf4 38. Rd8+ Kg7 39. Rd7+ Kf8 40.
Nxe5 Ne2+ 41. Kh2 Rh6+ 42. Rh4 Rxh4# 0-1

[Event "Early-Titled-Tuesday-Blitz-February-13-2024"]
[Site "Chess.com"]
[Date "2024.02.13"]
[Round "2"]
[White "Let_it_be_1"]
[Black "NastyaHn"]
[Result "0-1"]
[WhiteElo "2586"]
[BlackElo "2376"]
[TimeControl "180+1"]
[EndTime "8:20:01 PST"]
[Termination "NastyaHn won by resignation"]

1. e4 e6 2. d4 d5 3. Nd2 c5 4.
Ngf3 Nc6 5. exd5 Qxd5 6. Bc4 Qd7 7. Nb3 cxd4 8. O-O a6 9. Nbxd4 Nxd4 10. Qxd4 Qxd4 11.
Nxd4 Bd7 12. Be2 Rd8 13. Rd1 Nf6 14. Bf4 Bc5 15. Bf3 b5 16. Bb7 Bc8 17. Nc6 Rxd1+ 18. Rxd1 O-O 19. Nd8 Bxb7 20. Nxb7 Be7 21. Bd6 Bxd6 22. Rxd6 g6 23. Rxa6 Rc8 24. c3 b4 25. Nd6 Rc7 26. c4 Kg7 27. Kf1 h5 28. Ke2 Rc5 29. Rb6 Ra5 30. Rxb4 Rxa2 31. Rb7 Ng4 32.
h3 Ne5 33. f4 Nc6 34. Rxf7+ Kg8 35. Rb7 Nd4+ 36. Kd3 Nf5 37. Ke4 Nxd6+ 38. Ke5 Nxb7 39. Kxe6 Rxb2 40. Kd7 Rc2 41. Kc6 Rxc4+ 42. Kxb7 Rxf4 0-1

[Event "Early-Titled-Tuesday-Blitz-February-13-2024"]
[Site "Chess.com"]
[Date "2024.02.13"]
[Round "2"]
[White "IngOscarArdila"]
[Black "noblerone"]
[Result "1-0"]
[WhiteElo "2294"]
[BlackElo "2509"]
[TimeControl "180+1"]
[EndTime "8:20:01 PST"]
[Termination "IngOscarArdila won by resignation"]

1. d4 d5 2. c4 c6 3. Nc3 Nf6 4.
cxd5 cxd5 5. Bf4 Nc6 6. e3 a6 7. Nf3 Bg4 8. Be2 e6 9. O-O Bd6 10. Bxd6 Qxd6 11. Qb3 O-O 12. h3 Bh5 13. Rac1 Rfc8 14.
Na4 Na5 15. Qb6 Qd8 16. b4 Nc4 17. Bxc4 dxc4 18. Qxd8+ Rxd8 19. Nb6 Rab8 20. Rxc4 h6 21. Rfc1 Bxf3 22. gxf3 Ne8 23. a4 Kf8 24. a5 Ke7 25. Kf1 f6 26. Ke2 Kd6 27. e4 Ke7 28. Ke3 Kd6 29.
f4 Ke7 30. e5 f5 31. Rc5 g6 32. d5 exd5 33. Nxd5+ Ke6 34. Nb6 g5 35. fxg5 hxg5 36. f4 gxf4+ 37. Kxf4 Rd4+ 38. Kg5 Rbd8 39. Rc8 Kxe5 40.
Re1+ Re4 41. Rxe4+ fxe4 42. Rxd8 Nd6 43. Rd7 e3 44.
Re7+ Kd4 45. Kf4 e2 46. Rxe2 1-0

[Event "Early-Titled-Tuesday-Blitz-February-13-2024"]
[Site "Chess.com"]
[Date "2024.02.13"]
[Round "2"]
[White "kecalk"]
[Black "cukin84"]
[Result "1-0"]
[WhiteElo "2502"]
[BlackElo "2229"]
[TimeControl "180+1"]
[EndTime "8:20:01 PST"]
[Termination "kecalk won by resignation"]

1. e4 c6 2. Nf3 d5 3. d3 Bg4 4. h3 Bh5 5. Nbd2 e6 6. b3 Bb4 7. Bb2 Nf6 8. exd5 cxd5 9. Be2 Nc6 10. O-O O-O 11. a3 Bc5 12. c4 a5 13. d4 Bd6 14.
Ne5 Bxe2 15. Qxe2 Rc8 16. Ndf3 Ne4 17. Nxc6 bxc6 18. Nd2 Nxd2 19. Qxd2 Qh4 20. Bc3 Rb8 21. Rfb1 a4 22. c5 Bf4 23. Qc2 axb3 24. Rxb3 Rxb3 25. Qxb3 Rb8 26. Bb4 h5 27. Rd1 Bc7 28. Qf3 Ra8 29. Rd3 Ba5 30. Kh2 Bxb4 31. axb4 Rb8 32. g3 Qe4 33.
Qxe4 dxe4 34. Re3 f5 35. f3 Rxb4 36. fxe4 Rxd4 37. exf5 exf5 38. Re6 Rd2+ 39. Kg1 Rd3 40. Kf2 f4 41. gxf4 Rxh3 42. Rxc6 Rc3 43. Kg2 Kf7 44.
Rc8 Ke7 45. c6 Kd6 46. Rg8 Kxc6 47. Rc8+ Kd5 48. Rxc3 Ke4 49. Rc5 h4 50. Rg5 Kxf4 51. Rxg7 1-0

[Event "Early-Titled-Tuesday-Blitz-February-13-2024"]
[Site "Chess.com"]
[Date "2024.02.13"]
[Round "2"]
[White "Willhaven3"]
[Black "kekic76"]
[Result "1-0"]
[WhiteElo "2617"]
[BlackElo "2371"]
[TimeControl "180+1"]
[EndTime "8:20:02 PST"]
[Termination "Willhaven3 won on time"]

1. d4 d5 2. Nf3 Nf6 3. c4 e6 4. Nc3 Be7 5. cxd5 exd5 6. Bf4 O-O 7. e3 c6 8. Qc2 h6 9. h3 Be6 10. Bd3 Nbd7 11. O-O a6 12. a3 Rc8 13. b4 b5 14. Ne2 Nb6 15. Nc1 Nc4 16. Nb3 Bd6 17.
Bxd6 Qxd6 18. Nc5 a5 19. Bxc4 dxc4 20. Nb7 Qd7 21. Nxa5 Qd5 22. Ne5 Nd7 23. Nxd7 Bxd7 24. e4 Qxd4 25. Rad1 Qa7 26. Rd6 c5 27. Rfd1 Be6 28.
Kh1 cxb4 29. axb4 c3 30. R6d3 Qc7 31. Rc1 Qe7 32. Rd4 Qf6 33. Rcd1 Bc4 34. f3 Qb6 35. Nxc4 bxc4 36. Qxc3 Rc7 37. Rd6 Qb5 38. R6d5 Qb7 39. R1d4 Rfc8 40. e5 Qa6 41. Kh2 Qe6 42. Rd1 Qc6 43.
Rd6 Qb7 44. R1d4 Qb5 45. Rg4 g6 46. Rf6 Re7 47. e6 1-0

[Event "Early-Titled-Tuesday-Blitz-February-13-2024"]
[Site "Chess.com"]
[Date "2024.02.13"]
[Round "2"]
[White "GelmanAlexander"]
[Black "KetiTsatsalashvili"]
[Result "1-0"]
[WhiteElo "2760"]
[BlackElo "2474"]
[TimeControl "180+1"]
[EndTime "8:20:03 PST"]
[Termination "GelmanAlexander won by checkmate"]

1. d4 Nf6 2. Nc3 d5 3. Bf4 a6 4.
e3 e6 5. g4 Bd6 6. g5 Nfd7 7.
h4 Bxf4 8. exf4 c5 9. Nf3 Nc6 10. Qd2 cxd4 11. Nxd4 Qb6 12. Nb3 Nc5 13. h5 Bd7 14.
Bg2 O-O-O 15. O-O-O Na5 16. Nxa5 Qxa5 17. Qd4 Rhg8 18. Kb1 Na4 19. Rd3 Nxc3+ 20. Rxc3+ Bc6 21. g6 hxg6 22. hxg6 fxg6 23. Re1 Rge8 24. Bh3 Kb8 25. a3 Qc7 26. Bxe6 Qd6 27. Rce3 Re7 28. f5 gxf5 29. Bxf5 Rde8 30. Rxe7 Rxe7 31. Rg1 Qf6 32. Qf4+ Ka8 33. Rg6 Re1+ 34. Ka2 Qf7 35. Qg5 d4+ 36. b3 Re5 37.
Qd8+ Ka7 38. Qxd4+ Ka8 39. Qxe5 Qf8 40. Rxg7 Qh8 41.
Re7 Qh1 42. Be4 Bxe4 43. Qxe4 Qc1 44. Qxb7# 1-0

[Event "Early-Titled-Tuesday-Blitz-February-13-2024"]
[Site "Chess.com"]
[Date "2024.02.13"]
[Round "2"]
[White "Chernyavsky_A"]
[Black "NikitaShnadrygin"]
[Result "0-1"]
[WhiteElo "2375"]
[BlackElo "2635"]
[TimeControl "180+1"]
[EndTime "8:20:04 PST"]
[Termination "NikitaShnadrygin won by resignation"]

1. d4 d5 2. c4 Nc6 3. Nc3 dxc4 4. d5 Na5 5. b4 cxb3 6. axb3 c6 7. b4 Nc4 8. e4 Ne5 9. b5 e6 10. f4 Ng6 11. bxc6 bxc6 12. dxc6 Qxd1+ 13. Kxd1 Nf6 14. Nb5 Kd8 15. Be3 Nxe4 16. Nxa7 Bd6 17. Bd3 Nc5 18. c7+ Ke7 19. Nc6+ Kd7 20. Rxa8 Kxc6 21. Bxc5 Bxc5 22. Ba6 Bxa6 23. Rxa6+ Kxc7 24. Ne2 Rd8+ 25. Kc2 Kb7 26. Rha1 Bb6 27. R6a4 Rc8+ 28. Kd1 Ne7 29. g4 Nd5 30. f5 Rd8 31. Ke1 exf5 32. gxf5 Re8 33. Rd1 Rxe2+ 34. Kxe2 Nc3+ 35. Ke1 Nxa4 36. Rd7+ Kc6 37. Rxf7 Bd4 38. Ke2 Bf6 39. Kf3 Nb6 40. Kg4 Nd7 41. Kh5 Kd6 42.
Kg4 Ne5+ 0-1

[Event "Early-Titled-Tuesday-Blitz-February-13-2024"]
[Site "Chess.com"]
[Date "2024.02.13"]
[Round "2"]
[White "Lion-Al-Messi"]
[Black "Nemegejas"]
[Result "0-1"]
[WhiteElo "2586"]
[BlackElo "2842"]
[TimeControl "180+1"]
[EndTime "8:20:05 PST"]
[Termination "Nemegejas won on time"]

1. e4 e5 2. Nf3 Nc6 3. Bb5 a6 4. Ba4 Nf6 5. O-O Be7 6. d3 d6 7. a3 Bd7 8. Nc3 O-O 9. h3 Re8 10. Bb3 h6 11. Be3 Bf8 12. Qd2 Ne7 13. Rad1 Ng6 14.
d4 exd4 15. Nxd4 c6 16. Nf5 d5 17. Ng3 dxe4 18. Ncxe4 Nd5 19. Bxd5 cxd5 20. Qxd5 Bc6 21. Qxd8 Raxd8 22. Nc3 Rc8 23. Nf5 Ne5 24. Bd4 Nc4 25. Na2 Be4 26. Ne3 Nxe3 27. Bxe3 Rxc2 28. Rd2 Rec8 29. Rfd1 Rxd2 30. Rxd2 Bf5 31. g4 Be6 32. Nb4 a5 33. Nd3 b5 34. b4 Rc3 35. Nc5 Bxc5 36. Bxc5 a4 37. Rd8+ Kh7 38. Rb8 Bc4 39. Ra8 Rxa3 40.
Kg2 Bd5+ 41. Kh2 Bxa8 0-1

[Event "Early-Titled-Tuesday-Blitz-February-13-2024"]
[Site "Chess.com"]
[Date "2024.02.13"]
[Round "2"]
[White "Caroexpert"]
[Black "PushingpawnsNYC"]
[Result "1-0"]
[WhiteElo "2546"]
[BlackElo "2336"]
[TimeControl "180+1"]
[EndTime "8:20:05 PST"]
[Termination "Caroexpert won by resignation"]

1. Nf3 d5 2. d4 Nf6 3. Bf4 c5 4. e3 Nc6 5. Nbd2 Qb6 6. dxc5 Qxc5 7. c4 Bg4 8. cxd5 Nxd5 9. Rc1 Qa5 10. Be2 Nxf4 11. exf4 e6 12. O-O Rd8 13. Qb3 Qc7 14. Nc4 Bd6 15. Nxd6+ Rxd6 16. h3 Bxf3 17. Bxf3 O-O 18.
Rfd1 Rfd8 19. Rxd6 Rxd6 20. Qc3 h6 21. g3 Qd7 22.
Be4 f5 23. Bg2 Nd4 24. Re1 Kf7 25. h4 g6 26. Kh2 h5 27. b3 b5 28. Qc5 a5 29. a4 bxa4 30. bxa4 Rc6 31. Bxc6 Nxc6 32. Qb5 Qd5 33. Qxd5 exd5 34. Rc1 Nb4 35. Rc5 Ke6 36. Rxa5 d4 37. Rb5 Nc6 38. Kg2 Kd6 39. Kf3 Na7 40. Rb6+ Nc6 41. Ke2 Kc5 42. Rxc6+ Kxc6 43. Kd3 Kc5 44.
a5 Kb5 45. Kxd4 Kxa5 46. Ke5 Kb4 47. Kf6 Kc4 48. Kxg6 1-0